 Dungeon Crawl Stone Soup version 0.25-a0-156-g0c4bda3fdf (webtiles) character file.

Game seed: 9534905757857863642, levelgen mode: deterministic

253 Esekla the Skirmisher (level 5, -2/44 HPs)
             Began as a Demonspawn Wanderer on Nov 20, 2019.
             Slain by an ice beast (12 damage)
             ... on level 6 of the Dungeon.
             The game lasted 00:21:03 (4284 turns).

Esekla the Skirmisher (Demonspawn Wanderer)         Turns: 4284, Time: 00:21:03

Health: -2/44      AC:  5    Str: 17    XL:     5   Next: 90%
Magic:  6/6        EV: 11    Int: 14    God:
Gold:   169        SH:  5    Dex: 12    Spells: 4/4 levels left

rFire    . . .     SeeInvis .   a - +2 falchion
rCold    . . .     Gourm    .   x - +2 buckler
rNeg     + . .     Faith    .   d - +0 robe
rPois    .         Spirit   .   (no helmet)
rElec    .         Reflect  .   t - +2 cloak
rCorr    .         Harm     .   (no gloves)
MR       .....                  (no boots)
Stlth    +.........             (no amulet)
HPRegen  0.14/turn              n - ring of positive energy
MPRegen  0.10/turn              y - +4 ring of strength

@: no status effects
A: claws 1, rot immunity
a: no special abilities


You were on level 6 of the Dungeon.
You were hungry.

You visited 1 branch of the dungeon, and saw 6 of its levels.

You collected 169 gold pieces.

Inventory:

Hand Weapons
 a - a +2 falchion (weapon)
 w - a +2 dagger of venom
Missiles
 q - 3 javelins (quivered)
Armour
 d - a +0 robe (worn)
 t - a +2 cloak (worn)
 x - a +2 buckler (worn)
Jewellery
 n - a ring of positive energy (left claw)
 u - an uncursed ring of flight
 y - a +4 ring of strength (right claw)
Wands
 s - a wand of flame (19)
Scrolls
 e - 5 scrolls of teleportation
 i - a scroll of remove curse {unknown}
 l - a scroll of magic mapping {unknown}
 m - a scroll of random uselessness {unknown}
 o - a scroll of identify {unknown}
 r - a scroll of blinking {unknown}
 v - a scroll of enchant weapon {unknown}
Potions
 b - 2 potions of curing
 c - 3 potions of lignification
 g - 2 potions of might {unknown}
 h - a potion of agility {unknown}
 j - a potion of flight {unknown}
 k - 2 potions of cancellation {unknown}
 p - a potion of haste {unknown}
Comestibles
 f - 3 rations


   Skills:
 + Level 5.1 Fighting
 * Level 4.3 Long Blades
   Level 1.0 Maces & Flails
 + Level 1.7 Dodging
 * Level 1.1 Shields
 + Level 2.0 Evocations


You had 4 spell levels left.
You didn't know any spells.
Your spell library was empty.

Dungeon Overview and Level Annotations

Branches:
Dungeon (5/15)
 Temple: D:4-7

Altars:
Sif Muna
Wu Jian
The Shining One

Annotations:
D:5 Sigmund


Innate Abilities, Weirdness & Mutations

You have sharp fingernails.
You are immune to rotting.


Message History

The ice beast hits you but does no damage.
You hit the ice beast.
The ice beast is lightly wounded.
The ice beast barely misses you.
You riposte.
You hit the ice beast.
The ice beast is moderately wounded.
You hit the ice beast.
The ice beast is heavily wounded.
The ice beast barely misses you.
You barely miss the ice beast.
The ice beast is heavily wounded.
The ice beast hits you. The ice beast freezes you!
You hit the ice beast.
The ice beast is heavily wounded.
The ice beast closely misses you.
You closely miss the ice beast.
The ice beast is heavily wounded.
The ice beast hits you.
* * * LOW HITPOINT WARNING * * *
The ice beast freezes you!
You die...

..! #.. #.#.# #..
#.#%# #.. #.#.#
#.. #.#.# .. #.#.#
#. #.#.# #
#.#######.#.##....
#..(.....Y@.......
#.##.#####..####.#
#. #.# #..# #. #.#
#..# #. #...Y...$#
.S ...####..#
#...### ##.. #..#
#. ..#


You could see an ice beast.

Vanquished Creatures
  A howler monkey (D:5)
  Crazy Yiuf (D:2)
  A worker ant zombie (D:3)
  A howler monkey skeleton (D:4)
  4 gnolls
  5 adders
  3 worms (D:2)
  A dart slug (D:1)
  3 leopard geckos (D:2)
  9 orcs
  4 bats
  3 giant cockroaches
  8 hobgoblins
  5 frilled lizards
  10 goblins
  6 kobolds
  2 rats
67 creatures vanquished.

Notes
Turn   | Place    | Note
-------+----------+-------------------------------------------
     0 | D:1      | Esekla the Demonspawn Wanderer began the quest for the Orb.
     0 | D:1      | Esekla set off with the following items: a +2 falchion, a
                  | potion of curing, a potion of lignification, a +0 robe, a
                  | ration
     0 | D:1      | Reached XP level 1. HP: 19/19 MP: 2/2
   313 | D:1      | Gained mutation: You are immune to rotting. [demonic
                  | ancestry]
   313 | D:1      | Reached XP level 2. HP: 25/25 MP: 3/3
   992 | D:2      | Gained mutation: You have sharp fingernails. [demonic
                  | ancestry]
   992 | D:2      | Reached XP level 3. HP: 21/31 MP: 4/4
  2069 | D:3      | Found an ornate altar of the Wu Jian Council.
  2117 | D:3      | Reached XP level 4. HP: 13/38 MP: 5/5
  2655 | D:1      | Reached skill level 5 in Fighting
  2895 | D:2      | Found a runed translucent door.
  2896 | D:2      | Noticed Crazy Yiuf
  2909 | D:2      | Killed Crazy Yiuf
  2909 | D:2      | Reached XP level 5. HP: 20/44 MP: 6/6
  3468 | D:3      | Found a glowing golden altar of the Shining One.
  4122 | D:3      | You fall into a shaft and drop 2 floors!
  4122 | D:5      | Entered Level 5 of the Dungeon
  4145 | D:5      | Found a shimmering blue altar of Sif Muna.
  4195 | D:5      | Noticed Sigmund
  4202 | D:4      | Reached skill level 1 in Shields
  4261 | D:4      | You fall into a shaft and drop 2 floors!
  4266 | D:6      | Noticed an ice beast
  4284 | D:6      | Slain by an ice beast

Levels and vault maps discovered:
D:1:      dpeg_arrival_shelter, layout_basic
D:2:      layout_basic, lemuel_another_geyser, uniq_crazy_yiuf_cottage
D:3:      layout_rooms, overflow_temple_1_default, lemuel_doored_altar
D:4:      layout_basic, serial_shops, shop, kennysheep_mini, nicolae_shop_trees,
          nicolae_shop_statue_plus
D:5:      layout_loops_corners, kennysheep_mini_moat, temple_doors_ab,
          first_ration, grunt_ministairs_11, lemuel_blue_sif_altar,
          uniq_sigmund, uniq_prince_ribbit1, uniq_eustachio
D:6:      layout_loops_ring, lemuel_round_altar, lemuel_coloured_pillars_altar,
          gammafunk_temple_overflow_claw

Skill      XL: |  1  2  3  4  5 |
---------------+----------------+-----
Long Blades    | 2 3 4 |  4.3
Fighting       | 5 |  5.1
Shields        | 1 |  1.1
Maces & Flails | |  1.0
Dodging        | |  1.7
Evocations     | |  2.0

Action                   |  1- 3 |  4- 6 || total
-------------------------+-------+-------++-------
Melee: Falchion          |   102 |   114 ||   216
Throw: Javelin           |     1 |     8 ||     9
 Abil: Evoke Flight      |       |     2 ||     2
  Use: Scroll            |       |     1 ||     1
 Stab: Sleeping          |     1 |       ||     1
  Eat: Chunk             |     4 |     3 ||     7
       Ration            |       |     1 ||     1
Armor: Robe              |     6 |    29 ||    35
Dodge: Dodged            |    49 |    64 ||   113
Block: Buckler           |       |     7 ||     7
       Rpst.: Falchion   |    16 |    21 ||    37

Table legend:
 A = Non-vault XP
 B = Vault XP
 C = Vault XP percentage of total XP
 D = Non-vault monster count
 E = Vault monster count
 F = Vault count percentage of total count
                 A         B        C        D         E       F
            +---------+---------+-------+---------+---------+-------
      Total |     322 |      40 |  11.0 |      66 |       1 |   1.5
            +---------+---------+-------+---------+---------+-------
        D:1 |      61 |       0 |   0.0 |      20 |       0 |   0.0
        D:2 |      80 |      40 |  33.3 |      17 |       1 |   5.6
        D:3 |      80 |       0 |   0.0 |      23 |       0 |   0.0
        D:4 |      44 |       0 |   0.0 |       4 |       0 |   0.0
        D:5 |      57 |       0 |   0.0 |       2 |       0 |   0.0
            +---------+---------+-------+---------+---------+-------
